 Dungeon Crawl Stone Soup version 0.30-a0-234-g97d66968fd (webtiles) character file.

Game seed: 3657228430914181340

335 qw the Chopper (level 6, 0/38 HPs)
             Began as a Gargoyle Fighter on Oct 9, 2022.
             Slain by a steam dragon (1 damage)
             ... on level 4 of the Dungeon.
             The game lasted 00:01:04 (2890 turns).

qw the Chopper (Gargoyle Fighter)                   Turns: 2890, Time: 00:01:05

Health: 0/38       AC: 15    Str: 21    XL:     6   Next: 53%
Magic:  6/6        EV:  7    Int:  9    God:
Gold:   215        SH:  4    Dex:  9    Spells: 5/5 levels left

rFire   . . .      SeeInvis .    Y - +0 war axe
rCold   . . .      Faith    .    c - +0 buckler
rNeg    + . .      Spirit   .    r - +0 chain mail
rPois   inf        Reflect  .    f - +0 helmet
rElec   +          Harm     .    (no cloak)
rCorr   .          Rampage  .    e - +0 pair of gloves
Will    .....                    (no boots)
Stlth   ..........               (no amulet)
HPRegen 0.26/turn                (no ring)
MPRegen 0.10/turn                (no ring)

@: no status effects
A: sickness immunity, AC +4, negative energy resistance 1, electricity
resistance, torment resistance 1, petrification resistance
a: no special abilities


You were on level 4 of the Dungeon.
You visited 1 branch of the dungeon, and saw 4 of its levels.

You collected 215 gold pieces.


Innate Abilities, Weirdness & Mutations

You are immune to sickness and miasma.
Your stone body is resilient. (AC +4)
You are immune to poison.
You resist negative energy. (rN+)
You are resistant to electric shocks. (rElec)
You are resistant to unholy torment.
You are immune to petrification.


   Skills:
 - Level 4.1 Fighting
 + Level 5.8 Axes
 - Level 3.2 Armour
 - Level 3.2 Shields


You had 5 spell levels left.
You didn't know any spells.
Your spell library was empty.

Inventory:

Hand Weapons
 q - a +3 whip of electrocution
 Y - a +0 war axe (weapon)
Armour
 c - a +0 buckler (worn)
 e - a +0 pair of gloves (worn)
 f - a +0 helmet (worn)
 r - a +0 chain mail (worn)
Scrolls
 a - a scroll of identify
 b - 2 scrolls of blinking {unknown}
 l - a scroll of butterflies {unknown}
Potions
 d - a potion of might
 g - 2 potions of haste
 h - a potion of attraction
 i - a potion of invisibility {unknown}
 j - a potion of lignification {unknown}
 k - a potion of degeneration {unknown}
 m - a potion of curing {unknown}
 n - a potion of cancellation
 o - a potion of mutation {unknown}
 p - a potion of heal wounds {unknown}

Dungeon Overview and Level Annotations

Branches:
Dungeon (4/15)
 Temple: D:4-7

Altars:
Xom

Annotations:
D:3 2 transporters


Message History

The steam dragon breathes steam at you. The ball of steam hits you!
You hit the steam dragon but do no damage.
You are engulfed in a cloud of scalding steam.
The steam dragon bites you but does no damage.
The steam dragon claws you but does no damage.
You closely miss the steam dragon.
The steam dragon bites you but does no damage.
You block the steam dragon's attack.
You completely miss the steam dragon. The steam dragon breathes steam at you.
The ball of steam hits you!!
Ouch! That really hurt!
The steam dragon bites you but does no damage.
The steam dragon barely misses you.
You slash the steam dragon!
The steam dragon is heavily wounded.
You are engulfed in a cloud of scalding steam.
The steam dragon bites you.
The steam dragon claws you but does no damage.
You closely miss the steam dragon.
The steam dragon is heavily wounded.
You are engulfed in a cloud of scalding steam.
The steam dragon bites you.
The steam dragon claws you but does no damage.
You barely miss the steam dragon.
The steam dragon is heavily wounded.
The steam dragon breathes steam at you.
The ball of steam hits you but does no damage.
You closely miss the steam dragon.
The steam dragon is heavily wounded.
You are engulfed in a cloud of scalding steam.
The steam dragon bites you but does no damage.
The steam dragon claws you but does no damage.
The steam dragon bites you!
The steam dragon claws you but does no damage.
You hit the steam dragon.
The steam dragon is severely wounded.
The steam dragon bites you.
You die...

.......#....##.................##
............##.................##
............<.%...).............#
....#...................###.....#
....#...................'........
........................##.......
.........##...########.#.#......#
.........######(#.#.#..#.#......#
.........### #.D@#.###.#........#
.............#.####.#..#.#.###..#
............## #.###.#.#.# #..#
............# ##.#..#.#.###..#
..#.........# ##.#.#...##....
..#######+### ###.#.....>... ..#
..#......... ..# #### ###
.##.###..... ..#
#..###.#######........


You could see a steam dragon (catching breath).

Vanquished Creatures
  A necrophage (D:4)
  2 hounds (D:4)
  A jelly (D:4)
  An iguana (D:4)
  3 orc wizards (D:4)
  3 adders (D:3)
  A worm (D:4)
  5 orcs
  3 endoplasms
  4 giant cockroaches
  3 hobgoblins
  3 jackals (D:2)
  8 kobolds
  2 quokkas
  2 ball pythons (D:2)
  7 bats
  3 frilled lizards (D:2)
  4 goblins
56 creatures vanquished.

Notes
Turn   | Place    | Note
-------+----------+-------------------------------------------
     0 | D:1      | qw the Gargoyle Fighter began the quest for the Orb.
     0 | D:1      | Reached XP level 1. HP: 14/14 MP: 1/1
     0 | D:1      | 0 ||| qw: Version: 0.2-a-17-g06abaee
     0 | D:1      | 0 ||| qw: Game counter: 2325
     0 | D:1      | 0 ||| qw: Always use a shield: true
     0 | D:1      | 0 ||| qw: God list: Okawaru
     0 | D:1      | 0 ||| qw: Allow faded altars: false
     0 | D:1      | 0 ||| qw: Do Orc after D:15 true
     0 | D:1      | 0 ||| qw: Do second Lair branch before Depths: true
     0 | D:1      | 0 ||| qw: Lair rune preference: random
     0 | D:1      | 0 ||| qw: Plans: Normal, Zot:1-4, God:TSO, Crypt, Tomb,
                  | Pan, Slime:5, Hells, Abyss, Orb
     0 | D:1      | 0 ||| PLANNING D:1-11
    99 | D:1      | Reached skill level 2 in Axes
   175 | D:1      | Found a faded altar of an unknown god.
   245 | D:1      | 245 ||| Stepping ~*~*~tactically~*~*~ (stealth).
   247 | D:1      | 247 ||| Stepping ~*~*~tactically~*~*~ (stealth).
   248 | D:1      | 248 ||| Stepping ~*~*~tactically~*~*~ (stealth).
   253 | D:1      | Reached XP level 2. HP: 19/19 MP: 2/2
   559 | D:1      | 559 ||| UPGRADING to +0 pair of gloves.
   564 | D:1      | 564 ||| READING 2 scrolls labelled XAEGIB NUORE.
   565 | D:1      | 565 ||| READING scroll labelled UFFALOULOZO.
   566 | D:1      | 566 ||| READING scroll labelled KUR SEERCHIL.
   775 | D:2      | You fall into a shaft and drop 2 floors!
   776 | D:4      | 776 ||| UPGRADING to +0 helmet.
   781 | D:4      | 781 ||| DROPPING +6 ring of intelligence.
   782 | D:4      | 782 ||| DRINKING 2 silvery potions.
   847 | D:2      | 847 ||| Stepping ~*~*~tactically~*~*~ (stealth).
   849 | D:2      | 849 ||| Stepping ~*~*~tactically~*~*~ (stealth).
   858 | D:2      | 858 ||| Stepping ~*~*~tactically~*~*~ (stealth).
   878 | D:2      | 878 ||| Stepping ~*~*~tactically~*~*~ (stealth).
   937 | D:2      | 937 ||| Stepping ~*~*~tactically~*~*~ (stealth).
   939 | D:2      | 939 ||| Stepping ~*~*~tactically~*~*~ (stealth).
   950 | D:2      | Reached skill level 3 in Axes
  1065 | D:2      | Reached XP level 3. HP: 23/23 MP: 3/3
  1181 | D:2      | Found a shimmering altar of Xom.
  1277 | D:2      | 1277 ||| READING scroll labelled IGGIMI FEGUR.
  1278 | D:2      | 1278 ||| DRINKING 2 ruby potions.
  1348 | D:3      | Found a transporter.
  1416 | D:3      | 1416 ||| READING 2 scrolls of identify.
  1416 | D:3      | 1416 ||| IDENTIFYING coppery potion
  1428 | D:3      | 1428 ||| Stepping randomly (stuck).
  1430 | D:3      | 1430 ||| Stepping randomly (stuck).
  1431 | D:3      | 1431 ||| Stepping randomly (stuck).
  1432 | D:3      | 1432 ||| Stepping randomly (stuck).
  1545 | D:3      | 1545 ||| DROPPING +0 whip.
  1594 | D:3      | Found a transporter.
  1667 | D:3      | Reached XP level 4. HP: 28/28 MP: 4/4
  1685 | D:3      | 1685 ||| Stepping ~*~*~tactically~*~*~ (stealth).
  1691 | D:3      | 1691 ||| Stepping ~*~*~tactically~*~*~ (stealth).
  1692 | D:3      | 1692 ||| Stepping ~*~*~tactically~*~*~ (stealth).
  1704 | D:3      | Reached skill level 4 in Axes
  1724 | D:3      | Identified the +1 leather armour of the Uplifting Gods
                  | {Harm}
  2019 | D:3      | 2019 ||| DROPPING +1 leather armour of the Uplifting Gods
                  | {Harm}.
  2020 | D:3      | 2020 ||| UPGRADING to +0 chain mail.
  2030 | D:3      | 2030 ||| DROPPING +0 scale mail.
  2058 | D:4      | 2058 ||| STAIRDANCE
  2072 | D:4      | Noticed a necrophage
  2085 | D:4      | Killed a necrophage
  2086 | D:4      | Reached XP level 5. HP: 30/32 MP: 5/5
  2175 | D:4      | 2175 ||| Stepping ~*~*~tactically~*~*~ (hiding).
  2182 | D:4      | Reached skill level 5 in Axes
  2248 | D:4      | Reached XP level 6. HP: 29/38 MP: 6/6
  2385 | D:4      | HP: 5/38 [iguana (10)]
  2881 | D:4      | Noticed a steam dragon
  2886 | D:4      | HP: 8/38 [steam dragon (5)]
  2889 | D:4      | HP: 1/38 [steam dragon (7)]
  2890 | D:4      | Slain by a steam dragon

Levels and vault maps discovered:
D:1:      dpeg_arrival_round_b, layout_loops_ring,
          hellmonk_ecumenical_altar_run_dry, amcnicky_mini_corridor_feature
D:2:      layout_loops_cross, basic_altar
D:3:      gammafunk_wand_slinger, layout_loops_ring,
          ebering_dispersal_statue_hall, hex_medium, minmay_misc_feat_plants
D:4:      layout_basic, minmay_small_thing

Skill      XL: |  1  2  3  4  5 |
---------------+----------------+-----
Axes           | 2 3 4 5 |  5.8
Fighting       | 4 |  4.1
Armour         | |  3.2
Shields        | |  3.2

Action                   |  1- 3 |  4- 6 || total
-------------------------+-------+-------++-------
Melee: War axe           |   110 |   104 ||   214
  Use: Scroll            |     5 |       ||     5
       Potion            |     2 |       ||     2
Armor: Scale mail        |    70 |    10 ||    80
       Chain mail        |       |    56 ||    56
Dodge: Dodged            |    58 |    29 ||    87
Block: Buckler           |    20 |    20 ||    40

Table legend:
 A = Non-vault XP
 B = Vault XP
 C = Vault XP percentage of total XP
 D = Non-vault monster count
 E = Vault monster count
 F = Vault count percentage of total count
                 A         B        C        D         E       F
            +---------+---------+-------+---------+---------+-------
      Total |     479 |       0 |   0.0 |      56 |       0 |   0.0
            +---------+---------+-------+---------+---------+-------
        D:1 |      11 |       0 |   0.0 |       7 |       0 |   0.0
        D:2 |      25 |       0 |   0.0 |      16 |       0 |   0.0
        D:3 |      70 |       0 |   0.0 |      17 |       0 |   0.0
        D:4 |     373 |       0 |   0.0 |      16 |       0 |   0.0
            +---------+---------+-------+---------+---------+-------
